 Dungeon Crawl Stone Soup version 0.20-a0-223-g066d66b (webtiles) character file.

1042 Faca the Chopper (level 8, 0/61 HPs)
             Began as a Formicid Fighter on Nov 29, 2016.
             Slain by an adder (3 damage)
             ... on level 5 of the Dungeon.
             The game lasted 00:16:48 (4416 turns).

Faca the Chopper (Formicid Fighter)                 Turns: 4416, Time: 00:16:50

Health: 0/61       AC:  8    Str: 20    XL:     8   Next: 49%
Magic:  8/8        EV:  9    Int:  9    God:
Gold:   227        SH:  0    Dex: 14    Spells: 7/7 levels left

rFire  . . .     SeeInvis +     a - +0 war axe
rCold  . . .     Gourm    .     b - +0 scale mail
rNeg   . . .     Faith    .     c - +1 shield
rPois  .         Spirit   .     (helmet unavailable)
rElec  .         Reflect  .     j - +0 cloak
rCorr  .         Harm     .     i - +0 pair of gloves
MR     .....                    n - +1 pair of boots
Stlth  ..........               (no amulet)
                                (no ring)
                                g - ring of stealth

@: confused, lethally poisoned (0 -> -3), corroded
A: permanent stasis, dig shafts and tunnels, four strong arms, antennae 3, agile
1
a: Dig, Shaft Self


You were on level 5 of the Dungeon.
You were not hungry.

You visited 1 branch of the dungeon, and saw 5 of its levels.

You collected 227 gold pieces.

Inventory:

Hand Weapons
 a - a +0 war axe (weapon)
Armour
 b - a +0 scale mail (worn)
 c - a +1 shield (worn)
 i - a +0 pair of gloves (worn)
 j - a +0 cloak (worn)
 n - a +1 pair of boots (worn)
Jewellery
 g - a ring of stealth (left hand)
Scrolls
 k - 2 scrolls of identify
Potions
 d - 3 potions of might
 e - 2 potions of flight
 p - a potion of lignification
Books
 m - a book of Cantrips

   Spells                             Type                      Level
   a - Confusing Touch                Hexes                        1
   b - Animate Skeleton               Necromancy                   1
   c - Summon Small Mammal            Summoning                    1
   d - Apportation                    Translocation                1
Comestibles
 f - 4 bread rations
 h - 2 meat rations
 l - 5 fruits


   Skills:
 + Level 4.8 Fighting
 + Level 6.6 Axes
 + Level 4.9 Armour
 + Level 1.3 Dodging
 + Level 0.3 Stealth
 + Level 6.6 Shields


You had 7 spell levels left.
You didn't know any spells.

Dungeon Overview and Level Annotations

Branches:
Dungeon (5/15)
 Temple: D:4-7

Altars:


Innate Abilities, Weirdness & Mutations

You cannot be hasted, slowed, berserked, paralysed or teleported.
You can dig through walls and to a lower floor.
Your four strong arms can wield two-handed weapons with a shield.
You have a pair of large antennae on your head. (SInv)
You are agile. (Dex +2)


Message History

The adder bites you.
* * * LOW HITPOINT WARNING * * *
You are poisoned.
The adder poisons you!
The orc wizard hits you but does no damage.
The orc wizard hits you with a dagger.
* * * LOW HITPOINT WARNING * * *
The adder barely misses you.
The orc wizard points at you and mumbles some strange words.
The puff of frost hits you!
* * * LOW HITPOINT WARNING * * *
Okay, then.
You slash the orc wizard!
You kill the orc wizard!
You barely miss the adder. You completely miss the orc wizard.
You feel sick. The adder bites you.
* * * LOW HITPOINT WARNING * * *
The orc wizard hits you but does no damage.
The adder bites you.
You die...

.......# ...##..# ###.
....#...### #. .... .. .....
.#.##..... ... ... .##.. ..
.#.##...# #.. #.. ...# ..
.#.##...# #.# #.##...#.#
........#####.###...#...{{
.#.###..............#.### {
.#.# ##.#####.###S..)...#
.#.####.........@).##...#
..............###o...#.{....
#############.# #....#.##o..
#.# ##...... ..
#############.# #..##... .
..............# #... #...
############### #.... ..#.
#...


You could see an orc wizard (invisible) and an adder.

Vanquished Creatures
  Duvessa (D:5)
  2 phantoms
  An ice beast (D:5)
  2 scorpions (D:4)
  Dowan (D:5)
  A howler monkey (D:4)
  A crimson imp (D:4)
  2 jellies (D:5)
  A centaur skeleton (D:5)
  An iguana (D:5)
  5 orc wizards
  A worker ant (D:5)
  4 adders
  A howler monkey skeleton (D:4)
  A shadow imp (D:5)
  An adder skeleton (D:4)
  5 worms
  5 leopard geckos
  23 orcs
  4 giant cockroaches
  3 hobgoblins
  13 jackals
  11 kobolds
  2 quokkas
  A ball python (D:3)
  6 bats
  3 frilled lizards
  13 goblins
  A jackal skeleton (D:5)
  A leopard gecko skeleton (D:5)
  9 rats
126 creatures vanquished.

Notes
Turn   | Place    | Note
-------+----------+-------------------------------------------
     0 | D:1      | Faca the Formicid Fighter began the quest for the Orb.
     0 | D:1      | Reached XP level 1. HP: 18/18 MP: 1/1
    90 | D:1      | Reached XP level 2. HP: 24/24 MP: 2/2
   253 | D:1      | Reached XP level 3. HP: 25/29 MP: 3/3
   274 | D:1      | You fall through a shaft!
   631 | D:2      | Reached XP level 4. HP: 26/37 MP: 4/4
  1299 | D:3      | Gained mutation: You are agile. (Dex +2) [potion of beneficial mutation]
  1502 | D:3      | Reached XP level 5. HP: 40/42 MP: 5/5
  1890 | D:4      | Noticed a phantom
  1983 | D:4      | HP: 1/42 [phantom (8)]
  2331 | D:4      | Killed a phantom
  2331 | D:4      | Reached skill level 1 in Dodging
  2331 | D:4      | Reached skill level 5 in Shields
  2331 | D:4      | Reached XP level 6. HP: 23/48 MP: 6/6
  3147 | D:4      | Reached XP level 7. HP: 51/54 MP: 7/7
  3559 | D:4      | Reached skill level 5 in Axes
  3601 | D:5      | Entered Level 5 of the Dungeon
  3601 | D:5      | Noticed Dowan
  3603 | D:5      | Noticed Duvessa
  3628 | D:5      | Killed Dowan
  3629 | D:5      | Killed Duvessa
  3867 | D:5      | Reached XP level 8. HP: 18/61 MP: 8/8
  4416 | D:5      | HP: 3/61 [adder (2)]
  4416 | D:5      | Slain by an adder

Vault maps used:
D:1:      scummos_arrival_simple_crosswalls
D:4:      first_bread, grunt_ministairs_9
D:5:      corexii_leaking_fountain, hangedman_decor_points, uniq_duvessa

Skill      XL: |  1  2  3  4  5  6  7  8 |
---------------+-------------------------+-----
Shields        | 4 5 6 |  6.6
Axes           | 3 4 5 6 |  6.6
Fighting       | 4 |  4.8
Armour         | 4 |  4.9
Dodging        | 1 |  1.3
Stealth        | |  0.3

Action                   |  1- 3 |  4- 6 |  7- 9 || total
-------------------------+-------+-------+-------++-------
Melee: War axe           |   111 |   258 |   153 ||   522
  Use: Scroll            |     3 |     2 |       ||     5
       Potion            |       |     5 |     1 ||     6
  Eat: Meat ration       |       |     2 |       ||     2
       Beef jerky        |       |     1 |     1 ||     2
Armor: Scale mail        |    48 |    68 |    48 ||   164
Dodge: Dodged            |    37 |    62 |    55 ||   154
Block: Shield            |    65 |   134 |    84 ||   283
